 Dungeon Sprint DCSS version 0.23-a0-807-gd38242e (webtiles) character file.

13151 Lanoc the Blocker (level 12, -4/103 HPs)
             Began as a Gnoll Fighter on Jan 20, 2019.
             Was the Champion of Cheibriados.
             Slain by an orc knight
             ... wielding a cursed +0 bardiche
              (41 damage)
             ... in the Dungeon (Sprint IX: "|||||||||||||||||||||||||||||").
             The game lasted 00:05:29 (1539 turns).

Lanoc the Blocker (Gnoll Fighter)                   Turns: 1539, Time: 00:05:30

Health: -4/103     AC: 23    Str: 46    XL:     12   Next: 3%
Magic:  26/26      EV: 20    Int: 28    God:    Cheibriados [******]
Gold:   1264       SH: 17    Dex: 31    Spells: 32/32 levels left

rFire    . . .     SeeInvis .   q - +2 scimitar (flame)
rCold    . . .     Gourm    .   c - +0 shield
rNeg     . . .     Faith    .   s - +2 plate armour {MR+}
rPois    .         Spirit   .   r - +0 helmet
rElec    .         Reflect  .   z - +0 cloak
rCorr    .         Harm     .   a - +0 pair of gloves
MR       +....     NoTele   +   y - +0 pair of boots
Stlth    +.........             (no amulet)
HPRegen  0.27/turn              t - +3 ring of strength
MPRegen  0.20/turn              u - +3 ring of intelligence

@: mighty, very slow
A: distributed training, fangs 1, strong nose
a: Bend Time, Temporal Distortion, Slouch, Step From Time, Renounce Religion


You were in the Dungeon.
You worshipped Cheibriados.
Cheibriados was exalted by your worship.
You were not hungry.

You visited 1 branch You collected 1264 gold pieces.

Inventory:

Hand Weapons
 q - a +2 scimitar of flaming (weapon)
 A - a +0 hunting sling
Missiles
 B - 27 sling bullets
Armour
 a - a +0 pair of gloves (worn)
 c - a +0 shield (worn)
 r - a +0 helmet (worn)
 s - a +2 plate armour of magic resistance (worn)
 y - a +0 pair of boots (worn)
 z - a +0 cloak (worn)
Magical Staves
 p - an uncursed staff of energy
Jewellery
 t - a +3 ring of strength (left hand)
 u - a +3 ring of intelligence (right hand)
Wands
 o - a wand of acid (20)
Scrolls
 h - 3 scrolls of identify
 j - 4 scrolls of enchant armour
 k - 2 scrolls of blinking
 m - 4 scrolls of remove curse
 n - 2 scrolls of amnesia
 v - a scroll of fear
 x - a scroll of fog
Potions
 b - 2 potions of agility
 e - 3 potions of curing
 g - 3 potions of heal wounds
 i - 4 potions of magic
 l - a potion of invisibility
Comestibles
 f - 12 rations


   Skills:
 + Level 12.4 Fighting
 + Level 10.9 Short Blades
 + Level 11.7 Long Blades
 + Level 10.9 Axes
 + Level 10.9 Maces & Flails
 + Level 10.9 Polearms
 + Level 10.9 Staves
 + Level 10.9 Slings
 + Level 10.9 Bows
 + Level 10.9 Crossbows
 + Level 10.9 Throwing
 + Level 12.4 Armour
 + Level 10.9 Dodging
 + Level 10.9 Stealth
 + Level 12.4 Shields
 + Level 10.9 Unarmed Combat
 + Level 10.9 Spellcasting
 + Level 9.2 Conjurations
 + Level 9.2 Hexes
 + Level 9.2 Charms
 + Level 9.2 Summonings
 + Level 9.2 Necromancy
 + Level 9.2 Translocations
 + Level 9.2 Transmutations
 + Level 9.2 Fire Magic
 + Level 9.2 Ice Magic
 + Level 9.2 Air Magic
 + Level 9.2 Earth Magic
 + Level 9.2 Poison Magic
 + Level 11.7 Invocations
 + Level 10.9 Evocations


You had 32 spell levels left.
You didn't know any spells.
Your spell library was empty.

Dungeon Overview and Level Annotations

Branches:
Dungeon (1/1)

Altars:
Cheibriados
Dithmenos
Elyvilon
Fedhas
Gozag
Hepliaklqana
Kikubaaqudgha
Makhleb
Nemelex Xobeh
Okawaru
Qazlal
Ru
Sif Muna
Trog
Uskayaw
Vehumet
Wu Jian
Xom
Yredelemnul
Zin
The Shining One
Beogh
Jiyva
Lugonu

Shops:
D *%


Innate Abilities, Weirdness & Mutations

Your experience applies equally to all skills.
You have very sharp teeth.
Your uncanny sense of smell can sniff out nearby items.


Message History

* * * LOW HITPOINT WARNING * * *
You block the orc knight's attack.
You slice the orc knight!! You burn the orc knight!
The orc knight is almost dead.
You feel much better. You block the orc knight's attack.
The orc knight hits you but does no damage.
You feel very mighty all of a sudden.
The orc knight hits you with a +3 great sword!
You block the orc knight's attack.
You slice the orc knight!! You burn the orc knight.
You kill the orc knight!
Cheibriados appreciates the change of pace.
You have reached level 12!
Your experience leads to an increase in your attributes!
Your base attributes are Str 22, Int 10, Dex 15.
Increase (S)trength, (I)ntelligence, or (D)exterity?
You feel stronger.
You feel agile.
The orc knight hits you but does no damage.
The orc knight hits you with a cursed +0 bardiche!!!
You die...

∆∆∆∆∆∆∆ ∆∆∆∆ ∆∆∆∆
▓▓▓▓▓▓▓▓▓▓▓▓▓▓▓▓▓▓▓▓▓▓▓▓
..')))[[.......)@ooooo.∩∆ ∆ ∆∆∆∆∆
▓▓▓▓▓▓▓▓▓▓▓▓▓▓▓▓▓▓▓▓▓▓▓▓▓▓▓▓▓▓▓▓▓
..........)......................
▓▓▓▓▓▓▓▓▓▓▓▓▓▓▓▓▓▓▓▓▓▓▓▓▓▓▓▓▓▓▓▓▓
......÷..÷÷....÷÷.........../'..[
▓▓▓▓▓▓▓▓▓▓▓▓▓▓▓▓▓▓▓▓▓▓▓▓▓▓▓▓▓▓▓▓▓
.................................
▓▓▓▓▓▓▓▓▓▓▓▓▓▓▓▓▓▓▓▓▓▓▓▓▓▓▓▓▓▓▓▓▓
________________'...)....[!.....(


You could see 3 orc knights and 2 orc warriors.

Vanquished Creatures
  Erica (D)
  An orc high priest (D)
  8 orc knights (D)
  8 elephants (D)
  Joseph (D)
  3 spiny frogs (D)
  3 komodo dragons (D)
  A polar bear (D)
  A troll (D)
  A hornet (D)
  A hippogriff (D)
  A wraith (D)
  2 basilisks (D)
  A yak (D)
  3 water moccasins (D)
  3 porcupines (D)
  An ice beast (D)
  10 orc warriors (D)
  A centaur (D)
  A crocodile (D)
  A bullfrog (D)
  A scorpion (D)
  A wight (D)
  2 crimson imps (D)
  2 jellies (D)
  2 orc priests (D)
  4 orc wizards (D)
  An iguana (D)
  An adder (D)
  A dart slug (D)
  4 orcs (D)
  2 giant cockroaches (D)
  3 kobolds (D)
  A rat (D)
78 creatures vanquished.

Notes
Turn   | Place    | Note
-------+----------+-------------------------------------------
     0 | D        | Lanoc the Gnoll Fighter began the quest for the Orb.
     0 | D        | Reached XP level 1. HP: 23/23 MP: 1/1
    14 | D        | Reached skill level 1 in Invocations
    19 | D        | Noticed an orc priest
    19 | D        | Noticed an ice beast
    22 | D        | Reached skill level 1 in Short Blades
    22 | D        | Reached skill level 1 in Axes
    22 | D        | Reached skill level 1 in Maces & Flails
    22 | D        | Reached skill level 1 in Polearms
    22 | D        | Reached skill level 1 in Staves
    22 | D        | Reached skill level 1 in Slings
    22 | D        | Reached skill level 1 in Bows
    22 | D        | Reached skill level 1 in Crossbows
    22 | D        | Reached skill level 1 in Throwing
    22 | D        | Reached skill level 1 in Dodging
    22 | D        | Reached skill level 1 in Stealth
    22 | D        | Reached skill level 1 in Unarmed Combat
    22 | D        | Reached skill level 1 in Spellcasting
    22 | D        | Reached skill level 1 in Conjurations
    22 | D        | Reached skill level 1 in Hexes
    22 | D        | Reached skill level 1 in Charms
    22 | D        | Reached skill level 1 in Summonings
    22 | D        | Reached skill level 1 in Necromancy
    22 | D        | Reached skill level 1 in Translocations
    22 | D        | Reached skill level 1 in Transmutations
    22 | D        | Reached skill level 1 in Fire Magic
    22 | D        | Reached skill level 1 in Ice Magic
    22 | D        | Reached skill level 1 in Air Magic
    22 | D        | Reached skill level 1 in Earth Magic
    22 | D        | Reached skill level 1 in Poison Magic
    22 | D        | Reached skill level 1 in Evocations
    22 | D        | Reached XP level 2. HP: 29/29 MP: 1/3
    25 | D        | Reached skill level 5 in Long Blades
    25 | D        | Reached XP level 3. HP: 35/35 MP: 1/6
    30 | D        | Killed an ice beast
    30 | D        | Reached XP level 4. HP: 43/43 MP: 2/8
    30 | D        | Reached XP level 5. HP: 48/48 MP: 2/9
    38 | D        | Found a roughly hewn altar of Beogh.
    38 | D        | Found a snail-covered altar of Cheibriados.
    38 | D        | Found a shadowy altar of Dithmenos.
    38 | D        | Found a white marble altar of Elyvilon.
    38 | D        | Found a blossoming altar of Fedhas.
    38 | D        | Found an opulent altar of Gozag.
    39 | D        | Found a hazy altar of Hepliaklqana.
    40 | D        | Found a viscous altar of Jiyva.
    41 | D        | Found an ancient bone altar of Kikubaaqudgha.
    42 | D        | Found a corrupted altar of Lugonu.
    44 | D        | Became a worshipper of Cheibriados the Contemplative
    46 | D        | Found a burning altar of Makhleb.
    47 | D        | Found a sparkling altar of Nemelex Xobeh.
    48 | D        | Found an iron altar of Okawaru.
    49 | D        | Found a stormy altar of Qazlal.
    50 | D        | Found a sacrificial altar of Ru.
    51 | D        | Found a deep blue altar of Sif Muna.
    52 | D        | Found a bloodstained altar of Trog.
    53 | D        | Found a hide-covered altar of Uskayaw.
    54 | D        | Found a radiant altar of Vehumet.
    55 | D        | Found an ornate altar of the Wu Jian Council.
    56 | D        | Found a shimmering altar of Xom.
    57 | D        | Found a basalt altar of Yredelemnul.
    58 | D        | Found a glowing silver altar of Zin.
    59 | D        | Found a glowing golden altar of the Shining One.
   115 | D        | Noticed a hornet
   132 | D        | Killed a hornet
   132 | D        | Reached * piety under Cheibriados
   132 | D        | Reached skill level 5 in Invocations
   132 | D        | Reached XP level 6. HP: 29/56 MP: 10/13
   148 | D        | Reached skill level 5 in Short Blades
   148 | D        | Reached skill level 5 in Axes
   148 | D        | Reached skill level 5 in Maces & Flails
   148 | D        | Reached skill level 5 in Polearms
   148 | D        | Reached skill level 5 in Staves
   148 | D        | Reached skill level 5 in Slings
   148 | D        | Reached skill level 5 in Bows
   148 | D        | Reached skill level 5 in Crossbows
   148 | D        | Reached skill level 5 in Throwing
   148 | D        | Reached skill level 5 in Dodging
   148 | D        | Reached skill level 5 in Stealth
   148 | D        | Reached skill level 5 in Unarmed Combat
   148 | D        | Reached skill level 5 in Spellcasting
   148 | D        | Reached skill level 5 in Evocations
   148 | D        | Reached XP level 7. HP: 40/63 MP: 12/14
   150 | D        | Reached ** piety under Cheibriados
   261 | D        | Noticed a wraith
   261 | D        | Noticed a yak
   261 | D        | Noticed a troll
   267 | D        | Reached *** piety under Cheibriados
   278 | D        | Killed a wraith
   281 | D        | Killed a yak
   281 | D        | Reached **** piety under Cheibriados
   281 | D        | Reached skill level 5 in Conjurations
   281 | D        | Reached skill level 5 in Hexes
   281 | D        | Reached skill level 5 in Charms
   281 | D        | Reached skill level 5 in Summonings
   281 | D        | Reached skill level 5 in Necromancy
   281 | D        | Reached skill level 5 in Translocations
   281 | D        | Reached skill level 5 in Transmutations
   281 | D        | Reached skill level 5 in Fire Magic
   281 | D        | Reached skill level 5 in Ice Magic
   281 | D        | Reached skill level 5 in Air Magic
   281 | D        | Reached skill level 5 in Earth Magic
   281 | D        | Reached skill level 5 in Poison Magic
   281 | D        | Reached XP level 8. HP: 70/71 MP: 15/17
   287 | D        | Killed a troll
   463 | D        | Noticed a spiny frog
   463 | D        | Noticed a komodo dragon
   464 | D        | Noticed a komodo dragon
   475 | D        | Killed a spiny frog
   475 | D        | Reached ***** piety under Cheibriados
   479 | D        | Noticed a hippogriff
   485 | D        | Reached XP level 9. HP: 58/77 MP: 19/19
   490 | D        | Killed a komodo dragon
   497 | D        | Killed a komodo dragon
   497 | D        | Reached ****** piety under Cheibriados
   497 | D        | Reached skill level 10 in Fighting
   497 | D        | Reached skill level 10 in Armour
   497 | D        | Reached skill level 10 in Shields
   727 | D        | Noticed a polar bear
   727 | D        | Noticed a spiny frog
   727 | D        | Noticed a spiny frog
   744 | D        | Noticed a komodo dragon
   745 | D        | Killed a polar bear
   746 | D        | Killed a spiny frog
   746 | D        | Reached XP level 10. HP: 79/86 MP: 20/22
   752 | D        | Killed a spiny frog
   833 | D        | Noticed an elephant
   833 | D        | Noticed an elephant
   833 | D        | Noticed an elephant
   833 | D        | Noticed an elephant
   833 | D        | Noticed an elephant
   833 | D        | Noticed an elephant
   836 | D        | Noticed an elephant
   837 | D        | Killed an elephant
   843 | D        | Killed an elephant
   843 | D        | Reached skill level 10 in Long Blades
   844 | D        | Noticed an elephant
   848 | D        | Killed an elephant
   854 | D        | Killed an elephant
   854 | D        | Reached skill level 10 in Invocations
   858 | D        | Killed an elephant
   865 | D        | Killed an elephant
   872 | D        | Killed an elephant
   872 | D        | Reached XP level 11. HP: 53/93 MP: 24/24
  1073 | D        | Noticed Erica
  1079 | D        | Killed Erica
  1110 | D        | Noticed Joseph
  1118 | D        | Killed Joseph
  1184 | D        | Noticed an orc knight
  1200 | D        | Killed an orc knight
  1200 | D        | Reached skill level 10 in Short Blades
  1200 | D        | Reached skill level 10 in Axes
  1200 | D        | Reached skill level 10 in Maces & Flails
  1200 | D        | Reached skill level 10 in Polearms
  1200 | D        | Reached skill level 10 in Staves
  1200 | D        | Reached skill level 10 in Slings
  1200 | D        | Reached skill level 10 in Bows
  1200 | D        | Reached skill level 10 in Crossbows
  1200 | D        | Reached skill level 10 in Throwing
  1200 | D        | Reached skill level 10 in Dodging
  1200 | D        | Reached skill level 10 in Stealth
  1200 | D        | Reached skill level 10 in Unarmed Combat
  1200 | D        | Reached skill level 10 in Spellcasting
  1200 | D        | Reached skill level 10 in Evocations
  1243 | D        | Noticed an orc high priest
  1243 | D        | Noticed an orc knight
  1243 | D        | Noticed an orc knight
  1247 | D        | Killed an orc high priest
  1248 | D        | Noticed an orc knight
  1249 | D        | Noticed an orc knight
  1252 | D        | Killed an orc knight
  1261 | D        | Killed an orc knight
  1272 | D        | HP: 4/95 [orc knight/+0 glaive (42)]
  1282 | D        | Killed an orc knight
  1289 | D        | Killed an orc knight
  1511 | D        | Found Paugozen's General Store.
  1511 | D        | Noticed an orc knight
  1511 | D        | Noticed an orc knight
  1511 | D        | Noticed an orc knight
  1511 | D        | Noticed an orc knight
  1515 | D        | Noticed an orc knight
  1523 | D        | Killed an orc knight
  1530 | D        | Killed an orc knight
  1530 | D        | Noticed an orc knight
  1538 | D        | Killed an orc knight
  1538 | D        | Reached XP level 12. HP: 36/103 MP: 26/26
  1539 | D        | Found Vaamodee's Food Shoppe.
  1539 | D        | Slain by an orc knight

Vault maps used:
D:        linesprint

Skill      XL: |  1  2  3  4  5  6  7  8  9 10 11 |
---------------+----------------------------------+-----
Invocations    | 1 2 3 5 6 7 9 10 11 | 11.7
Short Blades   | 1 2 3 4 5 6 8 9 10 | 10.9
Axes           | 1 2 3 4 5 6 8 9 10 | 10.9
Maces & Flails | 1 2 3 4 5 6 8 9 10 | 10.9
Polearms       | 1 2 3 4 5 6 8 9 10 | 10.9
Staves         | 1 2 3 4 5 6 8 9 10 | 10.9
Slings         | 1 2 3 4 5 6 8 9 10 | 10.9
Bows           | 1 2 3 4 5 6 8 9 10 | 10.9
Crossbows      | 1 2 3 4 5 6 8 9 10 | 10.9
Throwing       | 1 2 3 4 5 6 8 9 10 | 10.9
Dodging        | 1 2 3 4 5 6 8 9 10 | 10.9
Stealth        | 1 2 3 4 5 6 8 9 10 | 10.9
Unarmed Combat | 1 2 3 4 5 6 8 9 10 | 10.9
Spellcasting   | 1 2 3 4 5 6 8 9 10 | 10.9
Conjurations   | 1 2 3 4 5 6 7 9 |  9.2
Hexes          | 1 2 3 4 5 6 7 9 |  9.2
Charms         | 1 2 3 4 5 6 7 9 |  9.2
Summonings     | 1 2 3 4 5 6 7 9 |  9.2
Necromancy     | 1 2 3 4 5 6 7 9 |  9.2
Translocations | 1 2 3 4 5 6 7 9 |  9.2
Transmutations | 1 2 3 4 5 6 7 9 |  9.2
Fire Magic     | 1 2 3 4 5 6 7 9 |  9.2
Ice Magic      | 1 2 3 4 5 6 7 9 |  9.2
Air Magic      | 1 2 3 4 5 6 7 9 |  9.2
Earth Magic    | 1 2 3 4 5 6 7 9 |  9.2
Poison Magic   | 1 2 3 4 5 6 7 9 |  9.2
Evocations     | 1 2 3 4 5 6 8 9 10 | 10.9
Long Blades    | 5 6 7 8 9 10 11 | 11.7
Fighting       | 7 8 9 10 11 12 | 12.4
Armour         | 7 8 9 10 11 12 | 12.4
Shields        | 7 8 9 10 11 12 | 12.4

Action                   |  1- 3 |  4- 6 |  7- 9 | 10-12 || total
-------------------------+-------+-------+-------+-------++-------
Melee: Long sword        |    18 |       |       |       ||    18
       Bite              |     3 |     2 |    19 |    41 ||    65
       Scimitar          |       |    31 |    78 |   181 ||   290
  Use: Potion            |     1 |     2 |       |     5 ||     8
Armor: Scale mail        |     3 |       |       |       ||     3
       Plate armour      |       |    17 |    31 |    27 ||    75
Dodge: Dodged            |     4 |     8 |    19 |    52 ||    83
Block: Shield            |     6 |    21 |    40 |    98 ||   165
       Rpst.: Long sword |     1 |       |       |       ||     1
       Scimitar          |       |     2 |     4 |    16 ||    22

Table legend:
 A = Non-vault XP
 B = Vault XP
 C = Vault XP percentage of total XP
 D = Non-vault monster count
 E = Vault monster count
 F = Vault count percentage of total count
                 A         B        C        D         E       F
            +---------+---------+-------+---------+---------+-------
      Total |       0 |   18788 | 100.0 |       0 |      78 | 100.0
            +---------+---------+-------+---------+---------+-------
          D |       0 |   18788 | 100.0 |       0 |      78 | 100.0
            +---------+---------+-------+---------+---------+-------
